 Dungeon Crawl Stone Soup version 0.28-a0-239-g68911e0c57 (webtiles) character file.

Game seed: 2329641040656776035

122 tilp the Conjurer (level 4, 19/19 HPs)
             Began as a Felid Hedge Wizard on Aug 23, 2021.
             Quit the game on level 5 of the Dungeon.
             The game lasted 00:08:58 (6046 turns).

tilp the Conjurer (Felid Hedge Wizard)              Turns: 6046, Time: 00:08:59

Health: 19/19      AC:  1    Str:  6    XL:     4   Next: 78%
Magic:  9/9        EV: 18    Int: 16    God:
Gold:   202        SH:  0    Dex: 16    Spells: 4/9 levels left
                                        Lives:  0   Deaths: 1

rFire   . . .      SeeInvis +     - Unarmed
rCold   + . .      Faith    .   (shield unavailable)
rNeg    + . .      Spirit   .   (armour unavailable)
rPois   .          Reflect  .   (helmet unavailable)
rElec   .          Harm     .   (cloak unavailable)
rCorr   .          Rampage  .   (gloves unavailable)
Will    .....                   (boots unavailable)
Stlth   +++.......              i - amulet of magic regeneration
HPRegen 0.06/turn               d - ring "Ocvuhiex" {rC+ rN+}
MPRegen 0.36/turn               (no ring)

@: quick
A: very small, claws 1, fangs 3, see invisible, speed 1, shaggy fur 1, stealthy
paws, no weapons or thrown items, no armour, multi-lived
a: no special abilities


You were on level 5 of the Dungeon.
You visited 1 branch of the dungeon, and saw 5 of its levels.

You collected 202 gold pieces.

Inventory:

Jewellery
 d - the ring "Ocvuhiex" (left paw) {rC+ rN+}
   (You found it on level 4 of the Dungeon)

   [ring of protection from cold]

   rC:        It protects you from cold.
   rN:        It protects you from negative energy.
 g - an amulet of the acrobat
 i - an amulet of magic regeneration (around neck)
Wands
 h - a wand of iceblast (10)
Scrolls
 a - 3 scrolls of teleportation
Potions
 b - a potion of heal wounds
 c - a potion of curing
 e - 2 potions of mutation
 f - 2 potions of lignification {unknown}


   Skills:
 + Level 1.4 Fighting
 + Level 3.5 Dodging
 + Level 3.6 Stealth
 - Level 2.0 Unarmed Combat
 - Level 3.0 Spellcasting
 - Level 4.0 Conjurations
 - Level 1.0 Summonings
 - Level 1.5 Translocations


You had 4 spell levels left.
You knew the following spells:

 Your Spells              Type           Power      Damage    Failure   Level
a - Magic Dart            Conj           60%        1d6       3%          1
b - Call Imp              Summ           5%         N/A       19%         2
c - Blink                 Tloc           N/A        N/A       16%         2

Your spell library contained the following spells:

 Spells                   Type           Power      Damage    Failure   Level
 Conjure Flame            Conj/Fire      8%         6-21      24%         3
 Slow                     Hex            2%         N/A       28%         2
 Mephitic Cloud           Conj/Pois/Air  6%         N/A       32%         3
 Call Canine Familiar     Summ           5%         N/A       36%         3
 Leda's Liquefaction      Hex/Erth       1%         N/A       88%         4
 Portal Projectile        Hex/Tloc       Unusable   N/A       N/A         3

Dungeon Overview and Level Annotations

Branches:
Dungeon (5/15)
 Temple: D:4-7

Altars:


Innate Abilities, Weirdness & Mutations

You have sharp claws.
You have razor-sharp teeth.
You have supernaturally acute eyesight. (SInv)
You cover ground quickly. (Speed+)
You are covered in fur. (AC +1)
Your paws help you pounce on unaware monsters.
You are incapable of wielding weapons or throwing items.
You cannot wear armour.
You gain extra lives every three experience levels.


Message History

i - an amulet of magic regeneration (around neck)
A killer bee comes into view.
A killer bee is nearby!
Casting: Magic Dart (safe; 3% risk of failure)
Confirm with . or Enter, or press ? or * to list all spells.
Aiming: Magic Dart (safe; 3% risk of failure)
Press: ? - help, Shift-Dir - straight line, f - killer bee
Aim: a killer bee (asleep, 100% to hit)
The magic dart hits the killer bee.
The killer bee is lightly wounded.
The killer bee buzzes angrily.
You hear an angry buzzing noise.
A killer bee comes into view.
The killer bee moves out of view.
A killer bee comes into view.
The killer bee stings you. The killer bee stings you!
The killer bee misses you.
A killer bee comes into view.
The killer bee stings you.
* * * LOW HITPOINT WARNING * * *
You are lethally poisoned!
The killer bee poisons you! The killer bee barely misses you.
* * * LOW HITPOINT WARNING * * *
You feel sick.
* * * LOW HITPOINT WARNING * * *
You feel sick. The killer bee barely misses you.
The killer bee completely misses you.
Unknown command.
* * * LOW HITPOINT WARNING * * *
You feel sick.
* * * LOW HITPOINT WARNING * * *
You feel sick. The killer bee closely misses you. x2
The killer bee misses you.
You die...
You feel sick. The killer bee misses you.
You are now level 4!
You rejoin the land of the living...
Found an emerald potion.
Unknown command.
Unknown command.
Are you sure you want to abandon this character and quit the game? (Confirm with "yes".)

## ####
..#..#..#+##
...........#
.......@!..#
####.#######


There were no monsters in sight!

Vanquished Creatures
  4 gnolls (D:3)
  5 adders
  An adder skeleton (D:3)
  2 dart slugs
  3 orcs
  11 ball pythons
  6 bats
  10 endoplasms
  4 giant cockroaches
  4 goblins (D:1)
  7 hobgoblins
  5 kobolds
  6 quokkas
  2 frilled lizards
  9 rats
79 creatures vanquished.

Vanquished Creatures (collateral kills)
  A water moccasin skeleton (D:4)
  A bullfrog zombie (D:3)
  3 worms
5 creatures vanquished.

Grand Total: 84 creatures vanquished

Notes
Turn   | Place    | Note
-------+----------+-------------------------------------------
     0 | D:1      | tilp the Felid Hedge Wizard began the quest for the Orb.
     0 | D:1      | Reached XP level 1. HP: 7/7 MP: 5/5
    13 | D:1      | Reached skill level 1 in Conjurations
   232 | D:1      | Reached XP level 2. HP: 11/11 MP: 2/7
   335 | D:1      | Reached skill level 2 in Conjurations
   338 | D:1      | Learned a level 2 spell: Call Imp
   341 | D:1      | Learned a level 2 spell: Blink
   474 | D:1      | Found a faded altar of an unknown god.
  1114 | D:1      | Reached XP level 3. HP: 14/14 MP: 6/8
  1731 | D:2      | Reached skill level 3 in Conjurations
  2393 | D:2      | Reached XP level 4. HP: 18/18 MP: 6/9
  3327 | D:3      | Reached skill level 4 in Conjurations
  3432 | D:3      | Reached skill level 1 in Unarmed Combat
  4140 | D:3      | Reached XP level 5. HP: 21/21 MP: 1/10
  5339 | D:4      | Identified the ring "Ocvuhiex" {rC+ rN+}
  5400 | D:4      | Reached skill level 1 in Fighting
  5999 | D:5      | Entered Level 5 of the Dungeon
  6043 | D:5      | HP: 1/22 [poisoned by a killer bee]
  6045 | D:5      | Succumbed to a killer bee's poison
  6046 | D:5      | Reached XP level 4. HP: 0/19 MP: 9/9
  6046 | D:5      | Quit the game

Illustrated notes

Levels and vault maps discovered:
D:1:      dpeg_arrival_simpleton_a, layout_rooms,
          hellmonk_ecumenical_altar_crossroads, feat_on_display
D:2:      layout_loops_ring, minmay_tromino_v4_a
D:3:      layout_loops_ring, minmay_divided_ellipse
D:4:      layout_cave_pools
D:5:      layout_gridville, kennysheep_mini_moat, ebering_ghost_disaster_area,
          serial_undead, serial_undead_b, serial_undead_e, serial_undead_c,
          serial_undead_d

Skill      XL: |  1  2  3  4  5 |
---------------+----------------+-----
Conjurations   | 1 2 3 4 |  4.0
Unarmed Combat | 2 |  2.0
Stealth        | 3 |  3.6
Dodging        | 3 |  3.5
Fighting       | 1 |  1.4
Spellcasting   | |  3.0
Summonings     | |  1.0
Translocations | |  1.5

Action                   |  1- 3 |  4- 6 || total
-------------------------+-------+-------++-------
Melee: Unarmed           |     7 |     8 ||    15
 Cast: Magic Dart        |   105 |   126 ||   231
       Call Imp          |       |    20 ||    20
       Blink             |       |     6 ||     6
  Use: Scroll            |     2 |     6 ||     8
       Potion            |     1 |     1 ||     2
 Stab: Sleeping          |     1 |       ||     1
Armor: Skin              |     1 |     2 ||     3
Dodge: Dodged            |    16 |    46 ||    62

Table legend: (Time is in decaauts)
 A = Elapsed time spent in this place.
 B = Non-inter-level travel time spent in this place.
 C = Inter-level travel time spent in this place.
 D = Time resting spent in this place.
 E = Time spent auto-exploring this place.
 F = Levels seen in this place.
 G = Mean time per level.
                   A        B        C        D        E       F      G
               +--------+--------+--------+--------+--------+-----+--------+
         Total |   5512 |   5397 |    115 |   1583 |   2977 |   5 | 1102.4 |
       Dungeon |   5512 |   5397 |    115 |   1583 |   2977 |   5 | 1102.4 |
               +--------+--------+--------+--------+--------+-----+--------+

Top non-repeatable levels by time:
     D:3: 1966 daAuts
     D:2: 1745 daAuts
     D:1: 1092 daAuts
     D:4: 666 daAuts
     D:5: 42 daAuts
